 Dungeon Crawl Stone Soup version 0.28-a0-883-gc8d7bad45d (webtiles) character file.

Game seed: 14977026709817821078

5777 ders the Geomancer (level 10, -7/50 HPs)
             Began as a Gargoyle Earth Elementalist on Nov 21, 2021.
             Was a Believer of Vehumet.
             Shot with an arrow by a centaur warrior (19 damage)
             ... on level 9 of the Dungeon.
             The game lasted 00:11:48 (11272 turns).

ders the Geomancer (Gargoyle Earth Elementalist)   Turns: 11272, Time: 00:11:49

Health: -7/50      AC: 12    Str: 13    XL:     10   Next: 78%
Magic:  13/22      EV: 11    Int: 18    God:    Vehumet [**....]
Gold:   326        SH:  5    Dex: 14    Spells: 18/26 levels left

rFire   + . .      SeeInvis .   x - +5 hand axe of Agoadiwa {drain, Dex+4}
rCold   x . .      Faith    .   (no shield)
rNeg    + . .      Spirit   .   q - +1 troll leather armour {Pargi}
rPois   ∞          Reflect  +   (no helmet)
rElec   +          Harm     .   (no cloak)
rCorr   .          Rampage  .   (no gloves)
Will    .....                   (no boots)
Stlth   ++........              a - amulet of reflection
HPRegen 1.16/turn               t - ring of fire
MPRegen 0.18/turn               (no ring)

@: no status effects
A: sickness immunity, AC +7, negative energy resistance 1, electricity
resistance, torment resistance 1, petrification resistance
a: Renounce Religion


You were on level 9 of the Dungeon.
You worshipped Vehumet.
Vehumet was pleased with you.
You visited 2 branches of the dungeon, and saw 10 of its levels.

You collected 326 gold pieces.

Inventory:

Hand Weapons
 c - a +0 dagger
 x - the +5 hand axe of Agoadiwa (weapon) {drain, Dex+4}
   (You found it on level 5 of the Dungeon)

   A truly terrible weapon, it drains the life of any living foe it strikes.
   Dex:       It affects your dexterity (+4).
Missiles
 j - 132 stones
Armour
 b - a +0 robe
 m - a +3 leather armour
 n - a +0 pair of boots
 p - a +1 pair of boots
 q - a +1 troll leather armour (worn) {Pargi}
Jewellery
 a - an amulet of reflection (around neck)
 d - a ring of flight
 t - a ring of fire (left hand)
 A - a ring of positive energy
 B - a ring of positive energy
 D - an amulet of regeneration
Wands
 w - a wand of charming (7)
 y - a wand of flame (20)
Scrolls
 f - 3 scrolls of teleportation
 g - a scroll of noise
 h - 2 scrolls of enchant armour
 k - 2 scrolls of identify
 r - a scroll of holy word {unknown}
 u - a scroll of magic mapping
Potions
 e - 3 potions of attraction
 i - 2 potions of brilliance
 l - 2 potions of might
 o - 2 potions of invisibility
 s - a potion of ambrosia
 v - 3 potions of magic
 z - 3 potions of curing
 C - a potion of degeneration
 E - a potion of mutation {unknown}


   Skills:
 - Level 1.5 Dodging
 - Level 2.1 Stealth
 + Level 8.6 Spellcasting
 + Level 10.0 Conjurations
 - Level 0.7 Transmutations
 + Level 11.5 Earth Magic


You had 18 spell levels left.
You knew the following spells:

 Your Spells              Type           Power      Damage    Failure   Level
a - Sandblast             Erth           98%        2d20      1%          1
b - Stone Arrow           Conj/Erth      92%        3d12      1%          3
c - Petrify               Tmut/Erth      29%        N/A       10%         4

Your spell library contained the following spells:

 Spells                   Type           Power      Damage    Failure   Level
 Scorch                   Fire           22%        2d6       19%         2
 Passwall                 Tmut/Erth      24%        N/A       1%          2


Dungeon Overview and Level Annotations

Branches:
Dungeon (9/15)             Temple (1/1) D:4
   Lair: D:8-11         Orc: D:9-12

Altars:
Ashenzari
Cheibriados
Dithmenos
Elyvilon
Fedhas
Hepliaklqana
Kikubaaqudgha
Makhleb
Nemelex Xobeh
Okawaru
Ru
Sif Muna
Trog
Uskayaw
Vehumet
Wu Jian
Xom
Yredelemnul
Zin
The Shining One


Innate Abilities, Weirdness & Mutations

You are immune to sickness and miasma.
Your stone body is resilient. (AC +7)
You are immune to poison.
You resist negative energy. (rN+)
You are resistant to electric shocks. (rElec)
You are resistant to unholy torment.
You are immune to petrification.


Message History

No target in view!
Found a twisted hand axe.
You open the door.
A centaur warrior comes into view.
The centaur warrior shouts!
Found 16 stones.
Casting: Sandblast (safe; 1% risk of failure)
Confirm with . or Enter, or press ? or * to list all spells.
You can't see any susceptible monsters within range! (Use Z to cast anyway.)
A centaur warrior comes into view.
There is an open door here.
Casting: Sandblast (safe; 1% risk of failure)
Confirm with . or Enter, or press ? or * to list all spells.
Aiming: Stone Arrow (safe; 1% risk of failure)
Press: ? - help, Shift-Dir - straight line, f - centaur warrior
Aim: a centaur warrior, quivering arrows (82% to hit)
The stone arrow misses the centaur warrior.
The centaur warrior shouts!
The centaur warrior wields a +0 longbow.
The centaur warrior shoots an arrow.
The arrow hits you!!
Unknown command.
Casting: Stone Arrow (safe; 1% risk of failure)
Confirm with . or Enter, or press ? or * to list all spells.
Aiming: Stone Arrow (safe; 1% risk of failure)
Press: ? - help, Shift-Dir - straight line, f/p - centaur warrior
Aim: a centaur warrior, wielding a +0 longbow and quivering arrows (82% to hit)
The stone arrow hits the centaur warrior!
The centaur warrior is lightly wounded.
The centaur warrior shoots an arrow.
The arrow hits you!!
* * * LOW HITPOINT WARNING * * *
Unknown command.
Casting: Stone Arrow (safe; 1% risk of failure)
Confirm with . or Enter, or press ? or * to list all spells.
Aiming: Stone Arrow (safe; 1% risk of failure)
Press: ? - help, Shift-Dir - straight line, f/p - centaur warrior
Aim: a centaur warrior, wielding a +0 longbow and quivering arrows (lightly wounded, 82% to hit)
The stone arrow hits the centaur warrior!!
The centaur warrior is heavily wounded.
The centaur warrior shoots an arrow.
The arrow hits you!!
You die...

..........#.......
..##....###.......
. #....#.........
..##....#.......
................
####.###.#.#######
#. ##..#P...P# #.
#[#.#.###.#
###.@.#(+
#.#.###.#
.).#Pcc.P#
#.#.####### #.#..
# .## #


You could see 2 centaur warriors.

Vanquished Creatures
  A hydra (D:7)
  Erica (D:8)
  Maggie (D:7)
  Sigmund (D:5)
  6 yaks (D:9)
  A wyvern (D:6)
  2 water moccasins (D:7)
  Pargi (D:4)
  A hornet zombie (D:8)
  Duvessa (D:4)
  A sky beast (D:7)
  2 black bears
  4 ogres
  An ice beast (D:7)
  A centaur (D:6)
  2 kobold brigands
  A bullfrog (D:7)
  A scorpion (D:6)
  A wyvern zombie (D:7)
  Dowan (D:4)
  5 wights (D:7)
  2 howler monkeys (D:7)
  4 bullfrog zombies
  4 centaur zombies
  4 hounds
  A jelly (D:6)
  An orc priest (D:8)
  3 iguanas
  5 orc wizards
  A killer bee zombie (D:7)
  A hound zombie (D:5)
  A hound skeleton (D:4)
  3 gnolls (D:5)
  2 howler monkey skeletons
  7 adders
  3 white imps
  2 ufetubi
  An adder zombie (D:5)
  An adder skeleton (D:4)
  2 worms (D:2)
  3 dart slugs
  8 orcs
  6 endoplasms
  4 giant cockroaches
  3 goblins
  3 hobgoblins
  17 kobolds
  3 quokkas
  8 ball pythons
  4 bats
  3 frilled lizards
  8 rats
154 creatures vanquished.

Notes
Turn   | Place    | Note
-------+----------+-------------------------------------------
     0 | D:1      | ders the Gargoyle Earth Elementalist began the quest for
                  | the Orb.
     0 | D:1      | Reached XP level 1. HP: 10/10 MP: 3/3
   330 | D:1      | Reached XP level 2. HP: 10/15 MP: 0/5
   383 | D:1      | Reached skill level 1 in Conjurations
   552 | D:1      | Found a faded altar of an unknown god.
   672 | D:1      | Reached skill level 4 in Earth Magic
  1175 | D:2      | Reached XP level 3. HP: 7/19 MP: 4/6
  2185 | D:2      | Learned a level 3 spell: Stone Arrow
  2607 | D:3      | Found a blossoming altar of Fedhas.
  2610 | D:3      | Found an ancient bone altar of Kikubaaqudgha.
  2686 | D:3      | Reached XP level 4. HP: 24/24 MP: 6/8
  2711 | D:3      | Found a glowing golden altar of the Shining One.
  2878 | D:3      | HP: 1/24 [white imp/puff of frost (8)]
  3627 | D:4      | Reached XP level 5. HP: 24/28 MP: 5/9
  3746 | D:4      | Found a staircase to the Ecumenical Temple.
  3764 | D:4      | Noticed Dowan
  3765 | D:4      | Noticed Duvessa
  3777 | Temple   | Entered the Ecumenical Temple
  4067 | Temple   | Became a worshipper of Vehumet
  4558 | D:4      | Reached skill level 5 in Earth Magic
  4667 | D:4      | Noticed Pargi
  4671 | D:4      | Killed Pargi
  4672 | D:4      | Reached XP level 6. HP: 23/32 MP: 5/11
  5155 | D:4      | Reached skill level 6 in Earth Magic
  5205 | D:4      | Found a shimmering blue altar of Sif Muna.
  5632 | D:4      | Killed Duvessa
  5633 | D:4      | Reached XP level 7. HP: 36/36 MP: 5/13
  5679 | D:4      | Killed Dowan
  5875 | D:5      | Entered Level 5 of the Dungeon
  5921 | D:5      | Found a shadowy altar of Dithmenos.
  6220 | D:5      | Reached skill level 5 in Conjurations
  6223 | D:5      | Identified the +5 hand axe of Agoadiwa {drain, Dex+4}
  6472 | D:5      | Noticed Sigmund
  6481 | D:5      | Killed Sigmund
  6482 | D:5      | Reached skill level 5 in Spellcasting
  6482 | D:5      | Reached skill level 7 in Earth Magic
  6482 | D:5      | Reached XP level 8. HP: 39/41 MP: 0/15
  7180 | D:6      | Reached * piety under Vehumet
  7180 | D:6      | Offered knowledge of Freeze by Vehumet.
  7341 | D:6      | Reached skill level 8 in Earth Magic
  7566 | D:6      | Noticed a wyvern
  7570 | D:6      | Killed a wyvern
  7702 | D:6      | Reached XP level 9. HP: 45/45 MP: 1/18
  7803 | D:6      | Noticed a +0 dagger
  7803 | D:6      | Noticed a +0 hand axe
  7806 | D:6      | Found a hide-covered altar of Uskayaw.
  7932 | D:6      | Found a broken altar of Ashenzari.
  7935 | D:6      | Found an ornate altar of the Wu Jian Council.
  7939 | D:6      | Found a white marble altar of Elyvilon.
  7960 | D:6      | Reached skill level 9 in Earth Magic
  8437 | D:7      | Noticed a six-headed hydra
  8441 | D:7      | Killed a six-headed hydra
  8657 | D:7      | Reached skill level 10 in Earth Magic
  9135 | D:7      | Reached XP level 10. HP: 50/50 MP: 14/21
  9480 | D:7      | Noticed Maggie
  9491 | D:7      | Killed Maggie
  9664 | D:7      | Found a basalt altar of Yredelemnul.
  9852 | D:7      | Reached ** piety under Vehumet
  9852 | D:7      | Offered knowledge of Scorch by Vehumet.
 10517 | D:8      | Found a bloodstained altar of Trog.
 10748 | D:8      | Noticed Erica
 10751 | D:8      | Killed Erica
 10752 | D:8      | Reached skill level 11 in Earth Magic
 11027 | D:9      | Learned a level 4 spell: Petrify
 11058 | D:9      | Reached skill level 10 in Conjurations
 11268 | D:9      | Noticed a centaur warrior
 11269 | D:9      | Noticed a centaur warrior
 11272 | D:9      | Shot with an arrow by a centaur warrior

Illustrated notes

Levels and vault maps discovered:
D:1:      scummos_arrival_checkerplants, layout_rooms,
          shapermc_ecumenical_altar_mp_ritualfount
D:2:      layout_basic, grunt_ministairs_2, columned_hall_lemuel
D:3:      layout_basic, grunt_temple_overflow_growth_and_decay,
          nicolae_tso_carved_into_rock
D:4:      layout_basic, tgw_sif, minmay_temple_entry_grid, uniq_duvessa,
          uniq_pargi
D:5:      layout_gridville, nicolae_dithmenos_shadow_blocks, uniq_sigmund
D:6:      layout_loops_corners, dancing_weapons_uskayaw,
          grunt_temple_overflow_diamond, st_stairs_13, minmay_misc_feat_plants,
          minmay_crossroads
D:7:      layout_basic, lemuel_zombie_altar_yredelemnul, uniq_maggie
D:8:      layout_gridville, kennysheep_little_box, uniq_erica
D:9:      layout_basic, nicolae_qazlal_general_emergency,
          minmay_shattered_shrine
Temple:   compressed_dpeg_triangle_lava_temple

Skill      XL: |  1  2  3  4  5  6  7  8  9 10 |
---------------+-------------------------------+-----
Conjurations   | 1 2 3 4 5 7 8 10 | 10.0
Earth Magic    | 4 5 6 7 8 10 11 | 11.5
Spellcasting   | 3 4 5 6 7 8 |  8.6
Dodging        | |  1.5
Stealth        | |  2.1
Transmutations | |  0.7

Action                   |  1- 3 |  4- 6 |  7- 9 | 10-12 || total
-------------------------+-------+-------+-------+-------++-------
Melee: Dagger            |    81 |     1 |     3 |       ||    85
       Unarmed           |     2 |       |       |       ||     2
       Hand axe          |       |       |    11 |       ||    11
 Cast: Sandblast         |    43 |    56 |    28 |    52 ||   179
       Stone Arrow       |       |     7 |    64 |    36 ||   107
  Use: Scroll            |       |     1 |    14 |       ||    15
 Stab: Sleeping          |     3 |       |       |       ||     3
Armor: Robe              |    21 |     1 |       |       ||    22
       Troll leather arm |       |     4 |    30 |    13 ||    47
Dodge: Dodged            |    45 |    24 |    28 |     9 ||   106
Block: Other             |       |       |    10 |     7 ||    17
       Reflection        |       |       |       |     1 ||     1

Table legend: (Time is in decaauts)
 A = Elapsed time spent in this place.
 B = Non-inter-level travel time spent in this place.
 C = Inter-level travel time spent in this place.
 D = Time resting spent in this place.
 E = Time spent auto-exploring this place.
 F = Levels seen in this place.
 G = Mean time per level.
                   A        B        C        D        E       F      G
               +--------+--------+--------+--------+--------+-----+--------+
         Total |  11274 |  10656 |    618 |   3287 |   6250 |  10 | 1127.4 |
       Dungeon |  10962 |  10379 |    583 |   3287 |   5988 |   9 | 1218.0 |
        Temple |    311 |    276 |     35 |      0 |    262 |   1 |  311.0 |
               +--------+--------+--------+--------+--------+-----+--------+

Top non-repeatable levels by time:
     D:4: 1963 daAuts
     D:7: 1750 daAuts
     D:2: 1661 daAuts
     D:6: 1284 daAuts
     D:5: 1209 daAuts
     D:3: 1040 daAuts
     D:1: 898 daAuts
     D:8: 760 daAuts
     D:9: 394 daAuts
  Temple: 311 daAuts
